Map: Ruins of Seras

Players

JAHAZIEL

  • Race: Terran Terran
  • League: Bronze

wabbajack - Winner!

  • Race: Zerg Zerg
  • League: Gold

VOD

Have the link to the VOD?

Description

Time

  • Played on: July 21, 2015, 11:36 p.m.
  • Length: 11:43
Show
View Real Time Build Order
Export as new Build Order

JAHAZIEL Terran 

Build Orders: Command Center First (CC) 

Get SALT Encoding   

  12  0:01  SCV  
  13  0:13  SCV  
  14  0:25  SCV  
  15  0:48  Command Center  
  15  1:05  Supply Depot  
  15  1:16  Supply Depot  
  15  1:29  Barracks  
  15  1:34  SCV, Refinery  
  15  1:37  Refinery  
  16  1:46  Barracks  
  16  1:50  SCV  
  17  2:00  SCV  
  18  2:02  SCV  
  19  2:12  SCV  
  20  2:19  Bunker  
  20  2:21  SCV  
  21  2:26  SCV  
  22  2:33  SCV  
  22  2:36  Reaper x2  
  25  2:40  Refinery  
  25  2:41  SCV  
  26  2:46  SCV  
  27  2:52  Supply Depot  
  27  2:55  SCV  
  28  3:00  SCV  
  29  3:07  SCV  
  30  3:15  Marine  
  30  3:16  Factory  
  31  3:20  Supply Depot  
  31  3:22  Marine  
  32  3:32  SCV x2  
  34  3:35  Marine  
  34  3:40  Marine  
  36  3:44  SCV  
  36  3:45  SCV  
  38  3:49  Supply Depot  
  38  3:52  Marine  
  39  3:58  Marine  
  40  4:03  Hellion  
  42  4:42  Hellion, Marine x2  
  46  5:01  Barracks Tech Lab  
  46  5:05  Barracks  
  34  5:10  SCV  
  22  5:22  SCV, Marine x2  
  25  5:34  SCV, Hellion  
  28  5:40  Marine x2  
  30  5:47  SCV  
  30  5:58  Marine x2  
  30  6:02  Hellion  
  30  6:03  SCV  
  35  6:05  SCV  
  35  6:07  Barracks Tech Lab, Barracks  
  35  6:08  Concussive Shells  
  36  6:16  Marine  
  36  6:17  SCV  
  38  6:23  Marauder  
  40  6:29  Marauder  
  42  6:40  SCV  
  42  6:41  SCV  
  42  6:44  Marauder  
  46  6:50  Marauder  
  46  6:53  SCV  
  49  7:06  SCV, Marauder  
  49  7:08  SCV  
  53  7:09  Barracks Tech Lab  
  53  7:11  Marauder  
  55  7:17  Engineering Bay  
  55  7:18  SCV, Refinery  
  55  7:20  SCV  
  57  7:30  SCV, Marauder x2, Marine  
  57  7:31  Stimpack  
  57  7:32  SCV  
  64  7:40  Factory Tech Lab  
  64  7:42  SCV, Starport  
  65  7:44  SCV  
  66  7:54  SCV  
  66  7:56  SCV  
  66  7:57  Missile Turret  
  68  8:04  Marauder  
  70  8:11  Orbital Command  
  70  8:42  Marauder  
  70  8:48  Marauder  
  70  8:58  Marine  
  70  9:00  Marauder  
  70  9:08  Marauder  
  70  9:10  Marine  
  69  9:17  Supply Depot  
  69  9:20  Supply Depot  
  59  9:38  Supply Depot  
  51  9:57  Barracks Tech Lab  
  51  9:59  Medivac, Marine x2  
  53  10:06  Supply Depot, SCV, Marine  
  53  10:08  SCV  
  48  10:20  SCV  
  43  10:24  Marine x3  
  43  10:28  Siege Tank  
  49  10:29  Medivac, Marauder  
  49  10:32  SCV  
  49  10:34  Supply Depot  
  54  10:37  SCV  
  54  10:40  Supply Depot  
  54  10:42  Marine x3  
  58  10:44  SCV  
  58  10:50  Marine  
  58  10:56  Factory  
  35  11:09  Marine x4  
  32  11:12  SCV x2  
  24  11:24  SCV  
Show
View Real Time Build Order
Export as new Build Order

wabbajack Zerg - Winner!

Build Orders: Hatch First 

Get SALT Encoding   

  12  0:01  Drone  
  13  0:14  Overlord  
  13  0:21  Drone  
  13  0:24  Drone, Extractor  
  15  0:33  Drone  
  16  0:36  Drone  
  17  0:47  Drone  
  17  0:49  Extractor  
  17  1:01  Hatchery  
  17  1:04  Drone  
  17  1:08  Drone  
  18  1:22  Spawning Pool  
  17  1:25  Drone  
  17  1:31  Drone  
  19  1:42  Overlord  
  19  2:02  Drone x2  
  21  2:09  Queen  
  21  2:12  Queen  
  21  2:14  Drone x2  
  27  2:18  Metabolic Boost  
  27  2:23  Drone  
  27  2:25  Drone  
  29  2:34  Baneling Nest  
  28  2:40  Drone  
  28  2:41  Drone  
  30  2:53  Zergling x4  
  30  2:57  Zergling x4  
  34  3:06  Overlord  
  34  3:13  Overlord  
  34  3:17  Pneumatized Carapace  
  34  3:26  Zergling x2  
  36  3:27  Zergling x4  
  36  3:28  Zergling x6  
  40  3:37  Zergling x2  
  41  3:48  Spine Crawler  
  41  3:55  Roach Warren, Spine Crawler  
  39  3:56  Baneling x5  
  39  3:57  Baneling  
  28  5:29  Lair  
  28  5:30  Drone  
  28  5:31  Drone x20  
  28  5:32  Drone x3  
  52  5:39  Overlord  
  52  5:40  Hatchery, Overlord  
  51  5:44  Extractor  
  51  5:45  Extractor  
  51  5:46  Hatchery, Extractor  
  45  6:28  Evolution Chamber  
  45  6:29  Evolution Chamber  
  43  6:36  Queen  
  45  6:42  Overlord x2  
  45  6:43  Overlord x2  
  45  6:44  Glial Reconstitution  
  45  6:50  Roach  
  45  6:51  Roach x10  
  45  6:53  Overlord  
  67  6:54  Zergling x2  
  67  6:55  Zergling x6  
  71  7:07  Queen  
  73  7:17  Zerg Ground Armor Level 1, Zerg Melee Weapons Level 1  
  73  7:24  Queen  
  73  7:28  Drone x2  
  73  7:29  Drone x7  
  85  7:30  Drone x4  
  88  7:38  Hydralisk Den  
  88  7:40  Spore Crawler  
  88  7:42  Spore Crawler  
  85  7:46  Spine Crawler  
  85  7:50  Spore Crawler  
  83  8:03  Centrifical Hooks, Lurker Den  
  83  8:05  Drone x3  
  86  8:14  Overlord x4  
  86  8:22  Roach  
  86  8:23  Roach x3  
  94  8:28  Zergling x2  
  94  8:29  Zergling x10  
  100  8:54  Baneling  
  100  8:55  Baneling x4  
  93  8:59  Hydralisk  
  93  9:00  Hydralisk x2  
  91  9:08  Zergling x2  
  91  9:09  Zergling x34  
  105  9:10  Zergling x8  
  99  9:50  Muscular Augments  
  99  9:51  Lurker  
  99  9:52  Lurker x2  
  98  10:00  Zergling x6  
  98  10:01  Zergling x20  
  92  10:56  Hatchery  
Tags
 
Add a new tag
Caveats
  • Supply blocks, unpowered buildings, or Contaminate may cause inaccurate times.
  • Supply counts are checked every 10 seconds.